 Dungeon Crawl Stone Soup version 0.31-a0-1019-g3dd9dd1025 (webtiles) character file.

Game seed: 15462609358251247384

1 Azuregosa the Sneak (level 1, -4/16 HPs)
             Began as an Octopode Delver on Nov 17, 2023.
             Slain by a kobold brigand
             ... wielding a +0 whip
              (10 damage)
             ... on level 5 of the Dungeon.
             The game lasted 00:00:32 (11 turns).

Azuregosa the Sneak (Octopode Delver)                 Turns: 11, Time: 00:00:33

Health: -4/16      AC:  1    Str: 11    XL:     1   Next: 20%
Magic:  1/1        EV: 13    Int: 12    God:
Gold:   0          SH:  0    Dex: 13    Spells: 0/0 levels left

rFire   . .          .
                       - Unarmed
rCold   . . .        (no shield)
rNeg    . . .        (helmet restricted)
rPois   .            (no amulet)
rElec   .            (no ring)
rCorr   .            (no ring)
SInv    .            (no ring)
Will    .....        (no ring)
Stlth   ++++         (no ring)
HPRegen 0.22/turn    (no ring)
MPRegen 0.07/turn    (no ring)
                     (no ring)

%: no passive effects
@: no status effects
A: almost no armour, amphibious, 8 rings, camouflage 1, gelatinous body 1,
(nimble swimmer 1), tentacles
a: no special abilities


You were on level 5 of the Dungeon.
You visited 1 branch of the dungeon, and saw 2 of its levels.

Inventory:

Wands
 e - a wand of digging (3)
Scrolls
 a - a scroll of fog
 c - a scroll of fear
Potions
 d - a potion of haste


   Skills:
 + Level 3.0 Fighting
 + Level 2.0 Dodging
 + Level 6.6 Stealth
 + Level 2.0 Unarmed Combat


You couldn't memorise any spells.
You didn't know any spells.
Your spell library was empty.

Dungeon Overview and Level Annotations

Branches:
Dungeon (6/15)
 Temple: D:4-7

Altars:
The Shining One


Innate Abilities, Weirdness & Mutations

You cannot wear most types of armour.
You are amphibious.
You can wear up to eight rings at the same time.
Your skin changes colour to match your surroundings (Stealth+).
Your rubbery body absorbs attacks. (AC +1, EV +1)
((You are camouflaged when in or above water. (Stealth+)))
You have tentacles for arms and can constrict up to eight enemies at once.


Message History

You hear the hiss of flowing sand.
There is an entrance to an ossuary on this level.
Hurry and find it before the portal is buried!
Welcome, Azuregosa the Octopode Delver.
They say the Orb of Zot lies within this dungeon, but they say a lot of things.
Press ? for a list of commands and other information.
Found 16 gold pieces.
Found two stone staircases leading down.
Unknown command.
Unknown command.
As you read the scroll of revelation, it crumbles to dust.
You feel aware of your surroundings.
You sensed 1 altar, and 2 shops/portals.
You climb downwards.
There is a stone staircase leading up here.
You climb upwards.
You hear the hiss of flowing sand.
There is an entrance to an ossuary on this level.
Hurry and find it before the portal is buried!
There is a stone staircase leading down here.
There is a stone staircase leading down here.
You climb downwards.
The kobold brigand shouts!
Something shouts, "Slither hence, thou bumbling saucy flim-flammer!"
The kobold shouts! x2; You hear a shout!
The kobold shouts!
Found a glowing golden altar of the Shining One.
There is a stone staircase leading up here.
The kobold brigand closely misses you. The kobold hits you with a +3 whip.
You climb upwards.
You hear the hiss of flowing sand.
There is an entrance to an ossuary on this level.
Hurry and find it before the portal is buried!
There is a stone staircase leading down here.
You barely miss the kobold. Your grab misses the kobold.
You squeeze the kobold.
You kill the kobold!
The kobold brigand hits you with a +0 whip.
You tentacle-slap the kobold brigand. Your grab misses the kobold brigand.
The kobold brigand is lightly wounded.
The kobold brigand hits you with a +0 whip!
Ouch! That really hurt!
You die...

**,****,**,***,,,,,,,,
###.####...#.#.,,,,,,,,
##..####.......,,,,,,,,
###....###...#.,,,,,,,,
####...........,,,,,,**
####...$.......,,,,,,*
#####...##....#**,,,,**
###............,,,**,,*
####.K@>.......,,,,,,,,
#####.)........,,,,,,,,
######.........,,,*****
########....##.,,** *
##########.####,**
###############**
###############


You could see a kobold brigand.

Vanquished Creatures
  A kobold (D:5)
1 creature vanquished.

Notes
Turn   | Place    | Note
-------+----------+-------------------------------------------
     0 | D:5      | Azuregosa the Octopode Delver began the quest for the Orb.
     0 | D:5      | Reached XP level 1. HP: 16/16 MP: 1/1
     7 | D:6      | Noticed a kobold brigand
     7 | D:6      | Found a glowing golden altar of the Shining One.
    11 | D:5      | Slain by a kobold brigand

Illustrated notes

Levels and vault maps discovered:
D:5:      layout_cave_pools, nicolae_gozag_zags_fifth_avenue,
          nicolae_ossuary_entry_giza, hangedman_decor_slide_cut,
          ebering_dispersal_statue_hall
D:6:      layout_basic, mainiacjoe_overflow_small_starburst,
          mainiacjoe_overflow_six_doors_small, st_stairs_4, due_unseen_surprise

Action                     || total
---------------------------++-------
  Melee: Unarmed           ||     2
         Tentacles         ||     1
    Use: Scroll            ||     1
 Armour: Skin              ||     3
  Dodge: Dodged            ||     1

Table legend: (Time is in decaauts)
 A = Elapsed time spent in this place.
 B = Non-inter-level travel time spent in this place.
 C = Inter-level travel time spent in this place.
 D = Time resting spent in this place.
 E = Time spent auto-exploring this place.
 F = Levels seen in this place.
 G = Mean time per level.
                   A        B        C        D        E       F      G
               +--------+--------+--------+--------+--------+-----+--------+
         Total |     11 |     11 |      0 |      0 |      0 |   2 |    5.5 |
       Dungeon |     11 |     11 |      0 |      0 |      0 |   2 |    5.5 |
               +--------+--------+--------+--------+--------+-----+--------+

Top non-repeatable levels by time:
     D:5: 7 daAuts
     D:6: 3 daAuts
